 Dungeon Crawl Stone Soup version 0.30.0-5-g1a98f26d00 (webtiles) character file.

Game seed: 5214459494028876429

227 sampeng1 the Trooper (level 6, -1/48 HPs)
             Began as a Human Berserker on May 9, 2023.
             Was a Believer of Trog.
             Slain by an iguana (11 damage)
             ... on level 4 of the Dungeon.
             The game lasted 00:10:20 (2642 turns).

sampeng1 the Trooper (Human Berserker)              Turns: 2642, Time: 00:10:20

Health: -1/48      AC: 10    Str: 19    XL:     6   Next: 22%
Magic:  6/6        EV:  9    Int:  8    God:    Trog [**....]
Gold:   218        SH:  0    Dex: 12    Spells: 5/5 levels left

rFire   x . .        a - +0 hand axe
rCold   + . .        (no shield)
rNeg    . . .        j - +0 chain mail
rPois   .            (no helmet)
rElec   .            (no cloak)
rCorr   .            l - +0 pair of gloves
SInv    .            (no boots)
Will    .....        (no amulet) Stlth
                     n - ring of ice
HPRegen 0.28/turn    (no ring)
MPRegen 0.10/turn

%: no passive effects
@: no status effects
A: no striking features
a: Renounce Religion, Berserk, Trog's Hand


You were on level 4 of the Dungeon.
You worshipped Trog.
Trog was pleased with you.
You visited 1 branch of the dungeon, and saw 4 of its levels.

You collected 218 gold pieces.

Inventory:

Hand Weapons
 a - a +0 hand axe (weapon)
Missiles
 h - 7 poisoned darts (quivered)
 i - 10 boomerangs
Armour
 b - a +0 animal skin
 d - a +0 ring mail
 j - a +0 chain mail (worn)
 l - a +0 pair of gloves (worn)
Jewellery
 n - a ring of ice (left hand)
 q - a ring of ice
Wands
 o - a wand of mindburst (11)
Scrolls
 e - a scroll of poison {unknown}
 g - a scroll of fog
 m - 2 scrolls of teleportation
 r - a scroll of silence
Potions
 c - a potion of invisibility
 f - 3 potions of curing
 k - a potion of ambrosia
 p - a potion of heal wounds {unknown}


   Skills:
 + Level 4.1 Fighting
 + Level 4.1 Axes
 + Level 3.4 Armour
 + Level 3.4 Dodging


You had 5 spell levels left.
You didn't know any spells.
Your spell library was empty.

Dungeon Overview and Level Annotations

Branches:
Dungeon (4/15)
 Temple: D:4-7

Altars:


Message History

You hit the iguana.
The iguana is moderately wounded.
The iguana bites you.
You hit the iguana.
The iguana is moderately wounded.
The iguana bites you.
You barely miss the iguana.
The iguana is moderately wounded.
The iguana barely misses you. The iguana bites you.
You hit the iguana but do no damage.
The iguana is moderately wounded.
The iguana bites you.
You hit the iguana but do no damage.
The iguana is moderately wounded.
The iguana closely misses you.
You hit the iguana.
The iguana is heavily wounded.
The iguana bites you.
Okay, then.
Throw: 8 darts (poison)
Press: ? - help, Q - select action, (/) - cycle Shift-Dir - straight line, f - iguana
Aim: an iguana (heavily wounded, 63% to hit)
You throw a poisoned dart.
The poisoned dart barely misses the iguana.
The iguana barely misses you. The iguana misses you.
You closely miss the iguana.
The iguana is heavily wounded.
The iguana misses you.
You hit the iguana but do no damage.
The iguana is heavily wounded.
The iguana bites you!
* * * LOW HITPOINT WARNING * * *
You barely miss the iguana.
The iguana is heavily wounded.
The iguana bites you but does no damage.
You barely miss the iguana.
The iguana is heavily wounded.
The iguana bites you!
You die...

.........#
.######..#
#..# #..### #
#.##....##.#
#..........#
....###...#.##
### #..##.#
#@l# .# #..#
.# ...# .#
###.# .# #.#
.# ... .(. ..#


You could see an iguana.

Vanquished Creatures
  Natasha (thrice) (D:2)
  Terence (D:3)
  Ijyb (D:3)
  An adder (D:2)
  4 gnolls (D:2)
  A worm (D:2)
  A dart slug (D:1)
  An orc (D:3)
  5 ball pythons
  2 bats
  5 endoplasms
  2 giant cockroaches
  7 hobgoblins
  5 kobolds
  2 quokkas
  3 frilled lizards (D:2)
  3 goblins
  3 rats
50 creatures vanquished.

Notes
Turn   | Place    | Note
-------+----------+-------------------------------------------
     0 | D:1      | sampeng1 the Human Berserker began the quest for the Orb.
     0 | D:1      | Reached XP level 1. HP: 18/18 MP: 1/1
   228 | D:1      | Reached XP level 2. HP: 18/24 MP: 2/2
   528 | D:1      | Found a faded altar of an unknown god.
   709 | D:2      | Reached XP level 3. HP: 23/29 MP: 3/3
   913 | D:2      | Noticed Natasha
   922 | D:2      | Killed Natasha
   922 | D:2      | Reached ** piety under Trog
   923 | D:2      | Reached XP level 4. HP: 30/35 MP: 4/4
  1113 | D:2      | Reached XP level 5. HP: 42/42 MP: 5/5
  1120 | D:2      | Noticed Natasha
  1146 | D:2      | Killed Natasha
  1647 | D:2      | Noticed Natasha
  1662 | D:2      | Killed Natasha
  1959 | D:3      | Noticed Terence
  1981 | D:3      | Killed Terence
  1982 | D:3      | Reached XP level 6. HP: 32/48 MP: 6/6
  2243 | D:3      | Noticed Ijyb
  2258 | D:3      | Killed Ijyb
  2642 | D:4      | Slain by an iguana

Illustrated notes

Levels and vault maps discovered:
D:1:      evilmike_arrival_rings, layout_rooms,
          shapermc_ecumenical_altar_mp_vishouse
D:2:      cheibrodos_old_hovel, layout_loops_corners, minmay_misc_feat_pillars,
          uniq_natasha
D:3:      layout_rooms, serial_bayou_lagoon_a, uniq_ijyb, uniq_terence
D:4:      layout_loops_ring

Skill      XL: |  1  2  3  4  5 |
---------------+----------------+-----
Armour         | 3 |  3.4
Dodging        | 3 |  3.4
Fighting       | 4 |  4.1
Axes           | 4 |  4.1

Action                     |  1- 3 |  4- 6 || total
---------------------------+-------+-------++-------
  Melee: Hand axe          |    59 |   191 ||   250
         Punch             |       |     3 ||     3
  Throw: Dart              |       |     1 ||     1
 Invoke: Berserk           |       |     4 ||     4
    Use: Scroll            |       |     5 ||     5
 Armour: Ring mail         |     8 |       ||     8
         Chain mail        |    18 |    69 ||    87
  Dodge: Dodged            |    26 |    79 ||   105
